 Dungeon Crawl Stone Soup version 0.25-a0-578-gc91f01c39c (webtiles) character file.

Game seed: 3857633809615711861, levelgen mode: deterministic

1375 drasked the Cleaver (level 8, -2/73 HPs)
             Began as a Hill Orc Monk on Mar 5, 2020.
             Was a Priest of Beogh.
             Slain by an orc warrior
             ... wielding a +0 halberd
              (25 damage)
             ... on level 6 of the Dungeon.
             The game lasted 00:15:26 (6589 turns).

drasked the Cleaver (Hill Orc Monk)                 Turns: 6589, Time: 00:15:26

Health: -2/73      AC:  8    Str: 14    XL:     8   Next: 66%
Magic:  8/8        EV: 11    Int: 12    God:    Beogh [***...]
Gold:   138        SH:  0    Dex: 13    Spells: 7/7 levels left

rFire    + + .     SeeInvis .   f - +1 war axe
rCold    . . .     Gourm    .   (no shield)
rNeg     . . .     Faith    .   o - +1 ring mail {rF+} {rF+}
rPois    +         Spirit   .   (no helmet)
rElec    .         Reflect  .   (no cloak)
rCorr    .         Harm     .   (no gloves)
MR       .....                  h - +0 pair of boots
Stlth    +.........             (no amulet)
HPRegen  0.22/turn              F - ring of protection from fire {rF+, !d}
MPRegen  0.11/turn              P - ring of poison resistance {rPois, !d}

@: no status effects
A: no striking features
a: Smiting, Renounce Religion


You were on level 6 of the Dungeon.
You worshipped Beogh.
Beogh was most pleased with you.
You were not hungry.

You visited 1 branch of the dungeon, and saw 6 of its levels.
You visited the Abyss 1 time.

You collected 228 gold pieces.
You spent 90 gold pieces at shops.

Inventory:

Hand Weapons
 a - the cursed +0 falchion of Fugir {vorpal, rC+ rN+}
   (You found it on level 4 of the Dungeon)

   It inflicts extra damage upon your enemies.
   It protects you from cold.
   It protects you from negative energy.
   It has a curse placed upon it.
 f - a +1 war axe (weapon)
   (You took it off an orc on level 3 of the Dungeon)
Missiles
 u - 5 atropa-tipped darts
 E - a curare-tipped dart (quivered)
Armour
 h - a +0 pair of boots (worn)
   (You found it on level 1 of the Dungeon)
 o - a +1 ring mail of fire resistance (worn) {rF+}
   (You found it on level 3 of the Dungeon)
Magical Staves
 z - an uncursed staff of poison {unknown}
   (You found it on level 6 of the Dungeon)
Jewellery
 y - an uncursed ring of wizardry {unknown}
   (You found it on level 5 of the Dungeon)
 C - an uncursed ring of resist corrosion
   (You found it on level 2 of the Dungeon)
 F - a ring of protection from fire (left hand) {rF+, !d}
   (You bought it in a shop on level 4 of the Dungeon)
 G - an uncursed ring of fire {unknown}
   (You found it on level 6 of the Dungeon)
 P - a ring of poison resistance (right hand) {rPois, !d}
   (You found it on level 1 of the Dungeon)
Wands
 x - a wand of acid (11)
   (You found it on level 5 of the Dungeon)
 D - a wand of digging (6)
   (You found it on level 4 of the Dungeon)
Scrolls
 b - 2 scrolls of fear {unknown}
 c - a scroll of fog {unknown}
 d - 2 scrolls of enchant weapon
 g - a scroll of noise {unknown}
 i - 3 scrolls of identify
 j - 2 scrolls of blinking {unknown}
 k - a scroll of amnesia {unknown}
 n - a scroll of random uselessness {unknown}
 t - 2 scrolls of teleportation
 w - 2 scrolls of remove curse
 A - a scroll of enchant armour {unknown}
Potions
 l - a potion of heal wounds
 m - 2 potions of brilliance
 p - 3 potions of lignification {!q!q}
 q - 2 potions of curing
 r - a potion of cancellation
 s - a potion of invisibility {unknown}
 v - a potion of haste {unknown}
 B - a potion of resistance {unknown}
Comestibles
 e - 10 rations
 H - 2 chunks of flesh {@w0}


   Skills:
 + Level 7.2 Fighting
 * Level 10.3 Axes
 + Level 5.4 Armour
 - Level 2.4 Dodging
 - Level 1.5 Stealth


You had 7 spell levels left.
You didn't know any spells.
Your spell library was empty.

Dungeon Overview and Level Annotations

Branches:
Dungeon (6/15)
 Temple: D:4-7

Altars:
Ashenzari
Dithmenos
Kikubaaqudgha

Shops:
D:4 *   D:5 }

Annotations:
D:5 2 transporters, MisterFreud's ghost, novice OpFi


Message History

The small abomination hits you!
The gnoll sergeant hits you from afar with a +1 spear of distortion.
Space bends around you.
* * * LOW HITPOINT WARNING * * *
You see here a pair of boots.
The small abomination hits you!
* * * LOW HITPOINT WARNING * * *
As you read the scroll of teleportation, it crumbles to dust.
You feel strangely unstable. The small abomination hits you.
* * * LOW HITPOINT WARNING * * *
You see here a +0 spear.
Your surroundings suddenly seem different.
You now have 138 gold pieces (gained 13).
You eat one of the 11 rations.
That ration really hit the spot!
You start resting.
G - a blackened golden ring Quiver which item? (- for none, * to show all) (? for menu, Esc to quit)
Okay, then.
A water moccasin comes into view.
You miss the water moccasin.
The water moccasin completely misses you.
Your ring mail prevents you from hitting the water moccasin.
The water moccasin bites you.
You hit the water moccasin.
The water moccasin bites you but does no damage.
The water moccasin barely misses you.
You hit the water moccasin but do no damage.
The water moccasin barely misses you.
You hit the water moccasin but do no damage.
The water moccasin barely misses you. The water moccasin closely misses you.
You slash the water moccasin! The water moccasin bites you.
You closely miss the water moccasin.
The water moccasin bites you but does no damage.
The water moccasin bites you.
You miss the water moccasin. The water moccasin bites you.
You slash the water moccasin! The water moccasin bites you!
You miss the water moccasin. The water moccasin bites you.
The water moccasin barely misses you.
You miss the water moccasin. The water moccasin barely misses you.
You closely miss the water moccasin.
A bullfrog comes into view.
The water moccasin bites you but does no damage. x2
The bullfrog gives a loud, deep croak!
You hit the water moccasin.
You hear a shout! x2
The water moccasin barely misses you.
You hear a shout! x2
You barely miss the water moccasin. The water moccasin barely misses you.
You miss the water moccasin. The water moccasin bites you. x2
You hit the water moccasin.
You kill the water moccasin!
Your Fighting skill increases to level 7!
Your Axes skill increases to level 10!
The bullfrog barely misses you.
You see here a water moccasin corpse.
You slash the bullfrog!
The bullfrog hits you but does no damage.
You hit the bullfrog.
The bullfrog hits you but does no damage. x2
You barely miss the bullfrog. The bullfrog completely misses you.
You hit the bullfrog. The bullfrog misses you. x2
You slash the bullfrog!
You kill the bullfrog!
You see here a bullfrog corpse.
You butcher the bullfrog corpse.
H - 2 chunks of flesh {@w0} You see here a bullfrog skeleton.
You see here a water moccasin corpse.
You start resting.
An orc warrior comes into view. It is wielding a +0 halberd.
The orc warrior shouts!
An orc comes into view. It is wielding a +0 dagger.
The orc falls on its knees before you.
It says, "I'm so glad you are here now."
An orc comes into view. It is wielding a +0 dagger.
The orc shouts!
An orc comes into view. It is wielding a +0 short sword.
The orc warrior misses you.
The orc moves out of view.
You catch the helpless orc warrior completely off-guard!
You hit the orc warrior. The orc closely misses your orc.
The orc warrior barely misses you.
You hit the orc warrior.
The orc hits your orc but does no damage.
The orc warrior barely misses you.
You slash the orc warrior!
The orc hits your orc with a +0 short sword.
You closely miss the orc warrior.
The orc warrior hits you with a +0 halberd!!
* * * LOW HITPOINT WARNING * * *
The orc barely misses your orc.
You hit the orc warrior. The orc barely misses your orc.
The orc warrior hits you with a +0 halberd!!
* * * LOW HITPOINT WARNING * * *
You hit the orc warrior but do no damage.
The orc closely misses your orc. The orc warrior closely misses you.
You barely miss the orc warrior.
The orc hits your orc with a +0 short sword.
The orc warrior hits you with a +0 halberd!!
You die...

.# # .# .
##.####
.####..
.......
###.#...
.......
#.....###.
#######
#.#.......
#oo....#
#o#...##
#@##.##
#.# .# #.#
# #.# #.#
#.# #.###
#...#
###.#


You could see an orc warrior, an orc and a friendly orc.

Levels and vault maps discovered:
D:1:      dpeg_arrival_chambers_temple_mockup, layout_rooms,
          serial_co_window_serial, co_window_of_opportunity_a,
          co_window_paths_b, co_window_paths_a, co_window_paths_a,
          co_window_paths_a, co_window_corner_cb, co_window_2corner,
          co_window_broadway_c, chequers_serial_rivers_micro_e
D:2:      layout_basic
D:3:      layout_loops_ring, minitemple
D:4:      layout_basic, first_ration, serial_shops, nicolae_shop_waterfront,
          uniq_sigmund
D:5:      layout_basic, gammafunk_ghost_hive, serial_shops,
          nicolae_shop_waterfront
D:6:      layout_loops_ring, kennysheep_little_box, minmay_temple_entry_poolview

Notes
Turn   | Place    | Note
-------+----------+-------------------------------------------
     0 | D:1      | drasked the Hill Orc Monk began the quest for the Orb.
     0 | D:1      | Reached XP level 1. HP: 19/19 MP: 1/1
    18 | D:1      | Identified a +0 ring mail (You found it on level 1 of the
                  | Dungeon)
   205 | D:1      | Identified a +0 club
   212 | D:1      | Reached XP level 2. HP: 18/27 MP: 2/2
   665 | D:1      | Identified a +0 dagger
   747 | D:1      | Identified a +0 dagger
  1015 | D:2      | Reached skill level 1 in Armour
  1027 | D:2      | Reached skill level 4 in Fighting
  1118 | D:2      | Identified a +0 club
  1124 | D:2      | Identified a +0 dagger
  1127 | D:2      | Reached XP level 3. HP: 33/33 MP: 3/3
  1190 | D:2      | Reached skill level 5 in Axes
  1208 | D:2      | Identified a +0 club
  1208 | D:2      | Identified an uncursed ring of ice
  1386 | D:2      | Identified a +0 club
  1522 | D:2      | Identified a +0 club
  1758 | D:2      | Identified a +0 pair of boots (You found it on level 1 of
                  | the Dungeon)
  1758 | D:2      | Identified a ring of resist corrosion (You found it on
                  | level 2 of the Dungeon)
  1759 | D:2      | Identified a ring of poison resistance (You found it on
                  | level 1 of the Dungeon)
  1802 | D:3      | Identified a +0 dagger
  1804 | D:3      | Identified a +0 war axe
  1813 | D:3      | Reached XP level 4. HP: 19/40 MP: 4/4
  2125 | D:3      | Identified a +0 club
  2139 | D:3      | Identified a +0 dagger
  2143 | D:3      | Identified a +0 whip
  2181 | D:3      | Identified a +0 short sword
  2181 | D:3      | Identified a +0 whip
  2194 | D:3      | Identified a +0 short sword
  2197 | D:3      | Identified a +0 halberd
  2201 | D:3      | Identified a +0 club
  2212 | D:3      | Reached skill level 2 in Armour
  2367 | D:3      | Identified a +0 whip
  2367 | D:3      | Identified a +0 trident
  2368 | D:3      | Became a worshipper of Beogh the Brigand
  2368 | D:3      | Reached * piety under Beogh
  2368 | D:3      | Reached ** piety under Beogh
  2368 | D:3      | Identified a +0 club
  2369 | D:3      | Identified a +0 dagger
  2453 | D:3      | Identified a +0 short sword
  2493 | D:3      | Identified a +2 dagger of venom
  2535 | D:3      | Found a shattered altar of Ashenzari.
  2540 | D:3      | Found a shadowy altar of Dithmenos.
  2663 | D:3      | Reached XP level 5. HP: 42/47 MP: 5/5
  2763 | D:4      | Identified a +0 club
  2763 | D:4      | Identified a +0 leather armour
  2766 | D:4      | Reached skill level 6 in Axes
  2770 | D:4      | Identified a +0 ring mail
  2773 | D:4      | Identified a +0 mace
  2773 | D:4      | Identified a +0 scale mail
  2780 | D:4      | Identified a +0 mace
  2832 | D:4      | Identified a +0 scythe
  2832 | D:4      | Identified a +0 robe
  2832 | D:4      | Noticed Sigmund
  2919 | D:4      | Identified a +0 dagger
  2919 | D:4      | Identified a +0 robe
  2924 | D:4      | Identified a +0 dagger
  2924 | D:4      | Identified a +0 robe
  2926 | D:4      | Identified a cursed -3 hand axe
  2949 | D:4      | Reached skill level 5 in Fighting
  2949 | D:4      | Reached XP level 6. HP: 24/56 MP: 6/6
  3142 | D:4      | Identified a +0 trident
  3142 | D:4      | Identified a +0 leather armour
  3143 | D:4      | Reached skill level 3 in Armour
  3155 | D:4      | Reached skill level 7 in Axes
  3159 | D:4      | Got a polished falchion
  3169 | D:4      | Identified 3 scrolls of identify
  3169 | D:4      | Identified the cursed +0 falchion of Fugir {vorpal, rC+
                  | rN+} (You found it on level 4 of the Dungeon)
  3263 | D:4      | Found Biwarumm's Assorted Antiques.
  3271 | D:4      | Bought a tourmaline ring for 90 gold pieces
  3338 | D:3      | Identified a +1 ring mail of fire resistance (You found it
                  | on level 3 of the Dungeon)
  3404 | D:4      | Identified a +0 hand axe
  3404 | D:4      | Identified a +0 leather armour
  3404 | D:4      | Identified a +0 dagger
  3404 | D:4      | Identified a +0 robe
  3407 | D:4      | Identified a +0 dagger
  3407 | D:4      | Identified a +0 robe
  3775 | D:4      | Killed Sigmund
  3775 | D:4      | Reached skill level 8 in Axes
  3775 | D:4      | Reached XP level 7. HP: 62/62 MP: 7/7
  3817 | D:5      | Entered Level 5 of the Dungeon
  3827 | D:5      | Reached skill level 4 in Armour
  3946 | D:5      | Found Hearuato's Gadget Shoppe.
  4014 | D:5      | Identified a +0 trident
  4014 | D:5      | Identified a +0 scale mail
  4019 | D:5      | Reached skill level 6 in Fighting
  4062 | D:5      | Found a transporter.
  4067 | D:5      | Found a transporter.
  4067 | D:5      | Noticed MisterFreud's ghost (novice OpFi)
  4165 | D:5      | Reached *** piety under Beogh
  4466 | D:5      | Reached skill level 9 in Axes
  4467 | D:5      | Reached XP level 8. HP: 22/71 MP: 8/8
  5088 | D:5      | Identified a +0 club
  5090 | D:5      | Identified a +0 flail
  5091 | D:5      | Identified a +0 spear
  5091 | D:5      | Identified a cursed -1 halberd
  5258 | D:5      | Reached skill level 5 in Armour
  5710 | D:5      | Identified 4 scrolls of teleportation
  5711 | D:5      | Identified 3 scrolls of remove curse
  5712 | D:5      | Identified 3 scrolls of enchant weapon
  5713 | D:5      | Identified 3 potions of lignification
  5714 | D:5      | Identified 2 potions of curing
  5715 | D:5      | Identified 2 potions of brilliance
  5716 | D:5      | Identified a potion of heal wounds
  5717 | D:5      | Identified a potion of cancellation
  5889 | D:6      | Found an ancient bone altar of Kikubaaqudgha.
  5911 | D:6      | Identified a +0 spear
  5911 | D:6      | Identified a +0 spear
  5911 | D:6      | Identified a +0 spear
  5911 | D:6      | Identified a +1 spear of distortion
  5911 | D:6      | Identified a +0 ring mail
  5943 | D:6      | Identified a +0 club
  5949 | D:6      | Identified a +0 club
  6068 | D:6      | Identified a +0 spear
  6070 | D:6      | Cast into level 1 of the Abyss (gnoll sergeant)
  6212 | Abyss:1  | Noticed a large abomination
  6246 | Abyss:1  | Noticed a bone dragon
  6280 | D:6      | Escaped the Abyss
  6537 | D:6      | Reached skill level 7 in Fighting
  6537 | D:6      | Reached skill level 10 in Axes
  6576 | D:6      | Identified a +0 halberd
  6576 | D:6      | Identified a +0 chain mail
  6579 | D:6      | Identified a +0 dagger
  6579 | D:6      | Identified a +0 leather armour
  6582 | D:6      | Identified a +0 dagger
  6582 | D:6      | Identified a +0 short sword
  6589 | D:6      | Slain by an orc warrior

Table legend:
 A = Turns spent in this place as a percentage of turns spent in the entire game.
 B = Non-inter-level travel turns spent in this place as a percentage of non-inter-level travel turns spent in the entire game.
 C = Inter-level travel turns spent in this place as a percentage of turns spent in this place.
 D = Turns resting spent in this place as a percentage of non-inter-level travel turns spent in this place.
 E = Turns spent auto-exploring this place as a percentage of non-inter-level travel turns spent in this place.
 F = Non-inter-level travel turns spent in this place divided by the number of levels of this place that you've seen.
                   A       B       C       D       E      F
               +-------+-------+-------+-------+-------+----------------------
         Total | 100.0 | 100.0 |   2.8 |  32.0 |  49.3 | 914.9
       Dungeon |  96.8 |  96.7 |   2.9 |  31.9 |  49.9 | 1032.3
         Abyss |   3.2 |   3.3 |   0.0 |  34.8 |  30.0 | 210.0
               +-------+-------+-------+-------+-------+----------------------

Table legend:
 A = Kills in this place as a percentage of kills in entire the game.
 B = Kills by you in this place as a percentage of kills by you in the entire game.
 C = Kills by friends in this place as a percentage of kills by friends in the entire game.
 D = Other kills in this place as a percentage of other kills in the entire game.
 E = Experience gained in this place as a percentage of experience gained in the entire game.
 F = Experience gained in this place divided by the number of levels of this place that you have seen.
                   A       B       C       D       E      F
               +-------+-------+-------+-------+-------+----------------------
         Total | 100.0 | 100.0 |   N/A | 100.0 | 100.0 | 280.7
       Dungeon | 100.0 | 100.0 |   N/A | 100.0 | 100.0 | 327.5
               +-------+-------+-------+-------+-------+----------------------

Skill      XL: |  1  2  3  4  5  6  7  8 |
---------------+-------------------------+-----
Armour         | 1 2 3 4 5 |  5.4
Fighting       | 4 5 6 7 |  7.2
Axes           | 5 6 8 9 10 | 10.3
Dodging        | |  2.4
Stealth        | |  1.5

Action                   |  1- 3 |  4- 6 |  7- 9 || total
-------------------------+-------+-------+-------++-------
Melee: Hand axe          |   107 |       |       ||   107
       War axe           |       |    85 |   167 ||   252
Throw: Stone             |    94 |       |       ||    94
       Boomerang         |       |    73 |    35 ||   108
       Dart              |       |    24 |    25 ||    49
Invok: Convert to Beogh  |       |     1 |       ||     1
  Use: Scroll            |       |     1 |     9 ||    10
 Stab: Distracted        |       |       |     2 ||     2
  Eat: Chunk             |     3 |     6 |     7 ||    16
       Ration            |       |       |     1 ||     1
Armor: Ring mail         |    43 |    26 |    56 ||   125
Dodge: Dodged            |    73 |    53 |    89 ||   215

Vanquished Creatures
  Sigmund (D:4)
  2 water moccasins
  An ice beast (D:5)
  2 bullfrogs
  A scorpion (D:5)
  A howler monkey (D:5)
  2 hounds (D:5)
  2 bullfrog zombies
  An orc priest (D:4)
  A bullfrog skeleton (D:4)
  3 orc wizards (D:4)
  2 iguanas (D:5)
  2 worker ants
  A worker ant zombie (D:5)
  8 adders
  9 gnolls
  3 shadow imps (D:5)
  An ooze (D:4)
  2 adder skeletons (D:4)
  4 worms
  A dart slug (D:4)
  2 leopard geckos
  11 orcs
  8 bats
  2 giant cockroaches
  9 goblins
  6 hobgoblins
  5 jackals
  2 quokkas
  4 frilled lizards
  7 kobolds
  2 leopard gecko skeletons
  A quokka skeleton (D:5)
  4 rats
113 creatures vanquished.

Vanquished Creatures (others)
  An orc wizard (D:4)
  An adder (D:3)
  2 orcs (D:3)
  A rat (D:3)
5 creatures vanquished.

Grand Total: 118 creatures vanquished
